 Dungeon Sprint DCSS version 0.19-a0-1490-g5dd3618 (webtiles) character file.

263 poirepourri the Covert (level 5, -8/24 HPs)
             Began as a Spriggan Enchanter on Sept 8, 2016.
             Mangled by a slime creature (17 damage)
             ... in the Dungeon (Sprint I: "Red Sonja").
             The game lasted 00:00:49 (194 turns).

poirepourri the Covert (Spriggan Enchanter)          Turns: 194, Time: 00:00:50

Health: -8/24      AC:  3    Str:  4    XL:     5   Next: 97%
Magic:  12/14      EV: 22    Int: 17    God:
Gold:   162        SH:  0    Dex: 17    Spells: 5 memorised, 4 levels left

rFire  . . .     SeeInvis +     a - +1 dagger
rCold  . . .     Gourm    .     b - +1 robe
rNeg   . . .     Faith    .     (shield restricted)
rPois  .         Spirit   .     (helmet restricted)
rElec  .         Dismiss  .     (no cloak)
rCorr  .         Reflect  .     (gloves unavailable)
MR     .....     Harm     .     (boots unavailable)
Stlth  ++++++.... NoTele   +    (no amulet)
                                (no ring)
                                (no ring)

@: very quick
A: unfitting armour, see invisible, herbivore 3, speed 3, slow metabolism 2
a: no special abilities


You were in the Dungeon.
You were not hungry.

You visited 1 branch You collected 162 gold pieces.

Inventory:

Hand Weapons
 a - a +1 dagger (weapon)
Armour
 b - a +1 robe (worn)
Scrolls
 j - a scroll of blinking
Potions
 e - a potion of curing
 f - a potion of heal wounds
 g - a potion of haste
 h - 2 potions of magic
Books
 c - a book of Maledictions

   Spells                             Type                      Level
   a - Corona                         Hexes                        1
   b - Ensorcelled Hibernation        Hexes/Ice                    2
   c - Confuse                        Hexes                        3
   d - Tukima's Dance                 Hexes                        3
   e - Dazzling Spray                 Conjuration/Hexes            3
Comestibles
 d - a bread ration


   Skills:
 + Level 1.9 Short Blades
 + Level 6.5 Dodging
 + Level 11.5 Stealth
 + Level 6.1 Spellcasting
 + Level 10.1 Hexes


You had 4 spell levels left.
You knew the following spells:

 Your Spells              Type           Power        Failure   Level  Hunger
a - Corona                Hex            #####..      1%          1    None
b - Ensorcelled Hibernat  Hex/Ice        ###...       2%          2    None
c - Confuse               Hex            #####...     1%          3    ##.....
d - Tukima's Dance        Hex            #####...     1%          3    ##.....
e - Dazzling Spray        Conj/Hex       ###...       6%          3    ##.....


Dungeon Overview and Level Annotations

Branches:
Dungeon (1/1)

Altars:
Makhleb
Xom
Jiyva
Lugonu


Innate Abilities, Weirdness & Mutations

You are tiny and cannot use many weapons and most armour.
You have supernaturally acute eyesight. (SInv)
You are a herbivore.
You cover ground extremely quickly.
You need consume almost no food.


Message History

The helpless slime creature fails to defend itself.
You spit the slime creature like a pig!!!
The slime creature is severely wounded.
The slime creature hits you!
Ouch! That really hurt!
Casting: Corona
Confirm with . or Enter, or press ? or * to list all spells.
Aiming: Ensorcelled Hibernation
Press: ? - help, Shift-Dir - straight line, f - slime creature
Aim: a slime creature (severely wounded, chance to defeat MR: 34%)
The slime creature easily resists.
The slime creature hits you but does no damage.
You hit the slime creature.
The slime creature is severely wounded.
The slime creature hits you but does no damage.
You hit the slime creature.
The slime creature is almost dead.
The slime creature hits you!
Ouch! That really hurt!
You die...

###################
#<.#..'..#.)'..#__#
#..'..#.)'..#..'@J+
#..#####'#####+#__#
#..# #..# #### #.[#
#### #..# #⌠⌠# ####


You could see a slime creature.

Vanquished Creatures
  Sigmund (D)
  An ogre (D)
  Ijyb (D)
3 creatures vanquished.

Notes
Turn   | Place    | Note
-------+----------+-------------------------------------------
     0 | D        | poirepourri the Spriggan Enchanter began the quest for the Orb.
     0 | D        | Reached XP level 1. HP: 9/9 MP: 5/5
     3 | D        | Noticed Ijyb
    22 | D        | Killed Ijyb
    22 | D        | Reached skill level 6 in Stealth
    22 | D        | Reached skill level 5 in Hexes
    22 | D        | Reached XP level 2. HP: 13/13 MP: 4/7
    59 | D        | Learned a level 2 spell: Ensorcelled Hibernation
    98 | D        | Noticed an ogre
   100 | D        | Killed an ogre
   100 | D        | Reached skill level 5 in Dodging
   100 | D        | Reached skill level 9 in Stealth
   100 | D        | Reached XP level 3. HP: 16/16 MP: 8/10
   100 | D        | Reached XP level 4. HP: 21/21 MP: 8/11
   138 | D        | Learned a level 3 spell: Confuse
   142 | D        | Learned a level 3 spell: Tukima's Dance
   146 | D        | Learned a level 3 spell: Dazzling Spray
   150 | D        | Noticed Sigmund
   153 | D        | Killed Sigmund
   153 | D        | Reached skill level 11 in Stealth
   153 | D        | Reached skill level 10 in Hexes
   153 | D        | Reached XP level 5. HP: 24/24 MP: 11/14
   188 | D        | Found a burning altar of Makhleb.
   188 | D        | Found a viscous altar of Jiyva.
   188 | D        | Found a shimmering altar of Xom.
   188 | D        | Found a corrupted altar of Lugonu.
   188 | D        | Noticed a slime creature
   194 | D        | Mangled by a slime creature

Vault maps used:
D:        dungeon_sprint_1

Skill      XL: |  1  2  3  4 |
---------------+-------------+-----
Dodging        | 4 5 6 |  6.5
Stealth        | 6 9 11 | 11.5
Spellcasting   | 3 4 6 |  6.1
Hexes          | 5 8 10 | 10.1
Short Blades   | |  1.9

Action                   |  1- 3 |  4- 6 || total
-------------------------+-------+-------++-------
Melee: Dagger            |    13 |     4 ||    17
 Cast: Corona            |     2 |       ||     2
       Ensorcelled Hiber |       |     1 ||     1
  Use: Potion            |     1 |       ||     1
 Stab: Sleeping          |     1 |     2 ||     3
Armor: Robe              |     1 |     2 ||     3
Dodge: Dodged            |     6 |       ||     6
